Cogmind - Beta 15 @@@ ROGUE MODE // 2025.06.21 @ 22:05:35 Player: naththebg Result: Defending 0bPrime! Performance ------------- Evolutions (8) 4000 Regions Visited (26) 5200 Robots Destroyed (193) 965 Value Destroyed (11588) 11588 Prototype IDs (186) 3720 Alien Tech Used (6) 1200 Bonus (29508) 29508 TOTAL SCORE: 56181 Bonus ------- High Alert Combat Kills 8777 Follower Combat Kills 350 Registered with UFD 300 Met Optimus in HQ 500 Met Data Miner 300 Met Zhirov 300 Met Warlord at Base 500 MAIN.C Attacked Warlord 500 Used Core Reset Matrix 3000 Met Optimus at Protoforge 1000 Completed Drillbomb Mission10000 Optimus Survived to 0b1 3000 Win 3000 Friendly Fire -2019 Cogmind --------- Core Integrity 29/1450 Matter 300/300 Energy 5/300 System Corruption 6% Temperature Cool (0) Movement Flying (205) Ox2 Location 0bPrime Parts ------- > --- POWER (3) -------- (None) > --- PROPULSION (6) --- Impulse Thruster Array Impulse Thruster Array Impulse Thruster Array (fused) > --- UTILITY (10) ----- Light Humpback Compact Battery Experimental Optical Array Long-range Sensor Array Experimental Salvage Targeting Computer Experimental Salvage Targeting Computer Experimental Salvage Targeting Computer Experimental Reaction Control System > --- WEAPON (4) ------- (None) > --- INVENTORY (25) --- Enhanced Biometal Leg 0bPrime Scrap Suit Helical Railgun Power Sword Peak State ------------ > --- POWER ------------ Light Quantum Reactor Light Quantum Reactor Light Quantum Reactor > --- PROPULSION ------- Enhanced Biometal Leg Enhanced Biometal Leg Enhanced Biometal Leg Enhanced Biometal Leg Enhanced Biometal Leg Experimental VSS Leg > --- UTILITY ---------- Coolant Network High-capacity Storage Unit Experimental Optical Array Experimental Core Analyzer Experimental Core Analyzer Experimental Kinecellerator Experimental Reaction Control System Advanced Phase Shifter A0-MCA's Component Scanner > --- WEAPON ----------- Concept Variable Chargecaster Concept XC Strikerail Sigix Broadsword > --- INVENTORY -------- Myomer Leg Enhanced Biometal Leg Experimental Surge Thruster Experimental Surge Thruster Long-range Sensor Array Overtuned Quantum Rifle Vortex Shotgun Vortex Shotgun Vortex Rail Concept Variable Chargecaster UFD Drillbomb [Rating: 242] Favorites ----------- Power Light Quantum Reactor Engine Ion Engine Power Core Enhanced Nuclear Core Reactor Light Quantum Reactor Propulsion Enhanced Biometal Leg Treads Light Treads Leg Enhanced Biometal Leg Flight Unit Improved Flight Unit Utility A0-MCA's Component Scanner Device Deep Structural Scanner Storage Medium Storage Unit Processor A0-MCA's Component Scanner Hackware System Shield Protection Heavy Armor Plating Artifact Phase Redirector Weapon Concept XC Strikerail Energy Gun Concept Variable Chargecaster Energy Cannon Neutron Cannon Ballistic Gun Concept XC Strikerail Ballistic Cannon Light Cannon Launcher Grenade Launcher Impact Weapon Power Maul Slashing Weapon Sigix Broadsword Piercing Weapon Plasma Lance Special Melee Weapon Advanced Datajack Build | -11 -10 -10 -10 -9 -9 -6 -6 -6 -6 -5 -5 -5 -5 -5 -4 -4 -4 -4 -4 -4 -4 -3 -3 -2 -2 -2 ------- Run | Yrd Mat Min Sub Rec Scr Fac Low Low Dat Pro Fac Upp Upp Zhi Pro Fac Was Fac Upp Upp War Pro Res Res Qua Frg Slots Evolved 16 | . . . . . . 8 . . . . 2 . . . . 2 . . . . . . 2 2 . . Power 2 | . . . . . . 1 . . . . . . . . . . . . . . . . . 1 . . Propulsion 4 | . . . . . . 3 . . . . . . . . . 1 . . . . . . . . . . Utility 8 | . . . . . . 4 . . . . 2 . . . . 1 . . . . . . 1 . . . Weapon 2 | . . . . . . . . . . . . . . . . . . . . . . . 1 1 . . Parts Attached 168 | 6 6 3 1 4 7 15 2 1 . 2 5 . . 4 2 5 . 4 1 . 3 . 3 1 2 91 Power 21 | 1 1 . . 1 . 3 . . . . 1 . . . . . . 1 . . . . . . . 13 Engine 4 | 1 1 . . 1 . 1 . . . . . . . . . . . . . . . . . . . . Core 3 | . . . . . . 2 . . . . 1 . . . . . . . . . . . . . . . Reactor 14 | . . . . . . . . . . . . . . . . . . 1 . . . . . . . 13 Propulsion 53 | 2 2 2 . 1 3 5 1 . . . . . . 3 . 1 . 1 . . 2 . . . . 30 Treads 4 | . . 2 . 1 1 . . . . . . . . . . . . . . . . . . . . . Leg 25 | 2 2 . . . . . . . . . . . . . . . . . . . . . . . . 21 Wheel . | . . . . . . . . . . . . . . . . . . . . . . . . . . . Hover . | . . . . . . . . . . . . . . . . . . . . . . . . . . . Flight 24 | . . . . . 2 5 1 . . . . . . 3 . 1 . 1 . . 2 . . . . 9 Utility 59 | 1 3 . . . 2 6 . . . 2 4 . . 1 . 3 . 1 1 . 1 . 1 . 1 32 Device 25 | . 2 . . . . 3 . . . 1 . . . 1 . 1 . 1 . . . . . . . 16 Storage 10 | 1 1 . . . . . . . . 1 . . . . . . . . 1 . . . . . . 6 Processor 14 | . . . . . 2 3 . . . . . . . . . 1 . . . . . . . . . 8 Hackware 7 | . . . . . . . . . . . 4 . . . . 1 . . . . 1 . 1 . . . Protection 2 | . . . . . . . . . . . . . . . . . . . . . . . . . . 2 Artifact 1 | . . . . . . . . . . . . . . . . . . . . . . . . . 1 . Weapon 35 | 2 . 1 1 2 2 1 1 1 . . . . . . 2 1 . 1 . . . . 2 1 1 16 Energy Gun 11 | 1 . 1 . . 1 . . . . . . . . . . . . . . . . . 1 1 . 6 Energy Cannon 2 | . . . . . . . . . . . . . . . 2 . . . . . . . . . . . Ballistic Gun 8 | 1 . . . . . . . . . . . . . . . . . . . . . . . . . 7 Ballistic Cannon 2 | . . . . 2 . . . . . . . . . . . . . . . . . . . . . . Launcher 2 | . . . 1 . . . . . . . . . . . . . . 1 . . . . . . . . Special Weapon . | . . . . . . . . . . . . . . . . . . . . . . . . . . . Impact Weapon 3 | . . . . . . 1 1 1 . . . . . . . . . . . . . . . . . . Slashing Weapon 3 | . . . . . . . . . . . . . . . . . . . . . . . . . 1 2 Piercing Weapon 1 | . . . . . . . . . . . . . . . . . . . . . . . . . . 1 Special Melee Weapon 3 | . . . . . 1 . . . . . . . . . . 1 . . . . . . 1 . . . Unidentified Prototypes 6 | . . . . . . . . . . . . . 1 1 . . . . . . . . . . 3 1 Parts Lost 37 | . . 1 . 1 . 4 . . . . . . . . . 1 . . . . . . . . . 30 Power 8 | . . . . . . 1 . . . . . . . . . . . . . . . . . . . 7 Propulsion 7 | . . 1 . . . 2 . . . . . . . . . . . . . . . . . . . 4 Utility 13 | . . . . 1 . . . . . . . . . . . 1 . . . . . . . . . 11 Weapon 8 | . . . . . . 1 . . . . . . . . . . . . . . . . . . . 7 Highest Loss Streak 8 | . . 1 . 1 . 3 . . . . . . . . . 1 . . . . . . . . . 8 To Critical Strikes 3 | . . . . . . . . . . . . . . . . . . . . . . . . . . 3 Average Backups 9 | 3 7 9 10 10 9 6 9 10 10 10 9 10 10 10 9 8 9 9 9 11 13 14 13 12 12 9 Power . | . 1 2 2 1 1 1 3 2 2 1 1 2 2 1 1 1 1 1 1 1 1 2 1 1 1 . Propulsion 2 | 2 4 5 5 5 4 . . 1 1 1 1 1 1 1 1 1 2 2 2 2 2 2 2 2 1 2 Utility 2 | . . . . . 2 2 4 4 4 4 3 4 4 4 4 2 2 2 3 4 3 3 2 3 2 2 Weapon 3 | . . 1 2 1 1 1 2 2 3 3 3 3 3 3 2 2 3 2 2 2 6 7 7 6 6 3 Tool/Special . | . . . . . . . . . . . . . . . . . . . . . . . . . . . Unused Backups 33 | . 4 . . . 3 . . 3 . 2 4 . . 1 1 1 . . . . 4 . 3 . 2 5 Power 5 | . . . . . 1 . . . . 1 1 . . 1 . . . . . . . . 1 . . . Propulsion 5 | . 2 . . . 1 . . . . . . . . . . . . . . . 1 . . . . 1 Utility 11 | . 1 . . . 1 . . 1 . 1 1 . . . . 1 . . . . 1 . 1 . 1 2 Weapon 10 | . 1 . . . . . . 2 . . 2 . . . 1 . . . . . . . 1 . 1 2 Tool/Special 2 | . . . . . . . . . . . . . . . . . . . . . 2 . . . . . Average Slot Usage (%) 86 | . 99 99 100 91 55 89 86 86 86 86 87 88 88 90 98 98 100 99 100 100 100 100 99 91 90 79 Engine 2 | . 14 14 14 14 1 3 . . . . . . . . . . . . . . . . . . . . Core 2 | . . . . . . 2 6 6 6 6 5 5 5 7 11 10 10 8 5 5 5 5 4 4 4 . Reactor 3 | . . . . . . . . . . . . . . . . . . 1 5 5 5 5 4 4 4 8 Treads 3 | . . 25 28 28 3 . . . . . . . . . . . . . . . . . . . . . Leg 9 | . 28 1 . . . . . . . . . . . . . . . . . . . . . . . 18 Flight 13 | . . . . . 24 32 33 33 33 33 29 29 29 29 29 31 31 31 31 31 31 31 28 26 25 4 Device 14 | . 13 14 14 7 . 18 20 20 20 20 17 17 17 17 17 15 15 14 15 15 15 15 19 17 17 14 Storage 7 | . 14 14 14 14 14 6 6 6 6 6 5 5 5 5 5 5 5 5 5 5 5 5 4 4 4 6 Processor 10 | . . . . . 9 12 13 13 13 13 11 11 11 11 11 14 15 15 15 15 15 15 14 13 13 13 Hackware 2 | . . . . . . . . . . . 10 11 11 11 11 10 10 10 10 10 10 10 9 8 8 . Energy Gun 3 | . 14 14 14 2 . . . . . . . . . . . . . . . . . . . . . 3 Ballistic Gun 3 | . 14 14 . . . . . . . . . . . . . . . . . . . . . . . 4 Ballistic Cannon 1 | . . . . 21 . . . . . . . . . . . . . . . . . . . . . . Impact Weapon 1 | . . . . . . 5 6 6 6 6 5 5 5 5 5 5 5 5 5 5 5 5 3 4 4 . Special Melee Weapon 1 | . . . . . . 4 . . . . . . . . . 3 5 4 5 5 5 5 8 8 8 . Peak Build Rating 242 | 6 8 8 8 9 18 52 58 60 60 60 68 66 66 83 91 109 109 119 119 120 132 132 149 153 165 242 Average Rating 113 | 4 7 7 8 8 13 46 56 59 60 57 63 66 65 72 89 101 109 113 118 119 124 130 142 144 147 192 On Entrance 73 | . 6 8 8 8 7 18 52 57 60 60 57 66 66 66 83 91 109 109 119 119 120 132 129 144 144 148 Naked Turns 16 | . . . . . . . . . . . . . . . . . . . . . . . . . . 16 Heaviest Build 159 | 11 19 19 20 22 16 24 24 25 25 25 24 24 24 30 39 34 34 36 45 45 45 45 47 47 47 159 Greatest Support 180 | 20 20 40 40 43 43 28 27 30 27 30 30 27 27 39 39 49 43 50 47 47 49 49 57 57 55 180 Greatest Overweight (x) 4 | . . . . . 1 1 . . . . . . . . . 1 . . . . . . . . . 4 Average Overweight (x) . | . . . . . . . . . . . . . . . . . . . . . . . . . . . Largest Inventory Capacity 25 | 8 10 10 10 10 10 10 10 10 10 10 10 10 10 10 10 10 10 10 15 15 15 15 15 15 15 25 Average Capacity 14 | 7 8 10 10 10 10 10 10 10 10 10 10 10 10 10 10 10 10 10 14 15 15 15 15 15 15 18 Most Carried 25 | 6 10 10 10 10 10 10 10 10 10 10 10 10 10 10 10 10 10 10 11 13 15 15 15 15 15 25 Average Carried 12 | 4 7 9 10 9 9 6 9 9 10 10 9 10 10 9 9 9 10 10 10 12 14 15 14 14 14 16 Final Capacity 25 | 8 10 10 10 10 10 10 10 10 10 10 10 10 10 10 10 10 10 10 15 15 15 15 15 15 15 25 Final Carried 15 | 6 10 10 10 10 10 9 10 10 10 10 10 10 10 10 9 10 10 10 11 13 15 15 15 15 15 5 Class Distribution -------------------- 28% | Scavenger-Mutant 16% | Mutant 14% | Hacker-Scout 9% | Derelict-Scout 8% | Scout 7% | Commander-Mutant 6% | Scavenger-Tank Dominant Class ---------------- Mutant | -10/Materials Mutant | -10/Mines Mutant | -10/Subcaves Mutant | -9/Recycling Commander-Mutant | -9/Scraptown Scout | -6/Factory Scout | -6/Lower Caves Scout | -6/Lower Caves Scout | -6/Data Miner Derelict-Scout | -5/Proximity Caves Derelict-Scout | -5/Factory Derelict-Scout | -5/Upper Caves Derelict-Scout | -5/Upper Caves Derelict-Scout | -5/Zhirov Hacker-Scout | -4/Proximity Caves Hacker-Scout | -4/Factory Hacker-Scout | -4/Waste Hacker-Scout | -4/Factory Hacker-Scout | -4/Upper Caves Hacker-Scout | -4/Upper Caves Commander-Scout | -4/Warlord Hacker-Scout | -3/Proximity Caves Hacker-Scout | -3/Research Hacker-Scout | -2/Research Hacker-Scout | -2/Quarantine Scavenger-Mutant | -2/Protoforge Resources | -11 -10 -10 -10 -9 -9 -6 -6 -6 -6 -5 -5 -5 -5 -5 -4 -4 -4 -4 -4 -4 -4 -3 -3 -2 -2 -2 ----------- Run | Yrd Mat Min Sub Rec Scr Fac Low Low Dat Pro Fac Upp Upp Zhi Pro Fac Was Fac Upp Upp War Pro Res Res Qua Frg Matter Collected 5695 | 232 174 86 . 107 94 22 144 44 . 20 40 17 . . 64 . . 139 56 . 67 94 40 16 . 4239 Remotely . | . . . . . . . . . . . . . . . . . . . . . . . . . . . Salvage Created 11912 | . 393 157 . 97 . 171 . . . . . . . . . . . 194 . . . . 51 135 . 10714 Parts 475 | . 16 7 . 7 . 10 . . . . . . . . . . . 1 . . . . 3 2 . 429 Haulers Intercepted 3 | . 1 . . . . . . . . . . . . . . . . . . . . . . 1 . 1 Recyclers Shooed 1 | . 1 . . . . . . . . . . . . . . . . . . . . . . . . . Parts Field Recycled . | . . . . . . . . . . . . . . . . . . . . . . . . . . . Retrieved Matter . | . . . . . . . . . . . . . . . . . . . . . . . . . . . Parts Self-Destructed 13 | . . . 10 . . . . 3 . . . . . . . . . . . . . . . . . . Prevented . | . . . . . . . . . . . . . . . . . . . . . . . . . . . Kills | -11 -10 -10 -10 -9 -9 -6 -6 -6 -6 -5 -5 -5 -5 -5 -4 -4 -4 -4 -4 -4 -4 -3 -3 -2 -2 -2 ------- Run | Yrd Mat Min Sub Rec Scr Fac Low Low Dat Pro Fac Upp Upp Zhi Pro Fac Was Fac Upp Upp War Pro Res Res Qua Frg Combat Hostiles Destroyed 160 | . 6 4 . 2 . 4 . . . . . . . . . . . 3 . . . . . . . 141 Melee 2 | . . . . . . . . . . . . . . . . . . . . . . . . . . 2 Guns 146 | . 6 4 . . . . . . . . . . . . . . . . . . . . . . . 136 Cannons 2 | . . . . 2 . . . . . . . . . . . . . . . . . . . . . . AOE 8 | . . . . . . 4 . . . . . . . . . . . 3 . . . . . . . 1 Classes Destroyed 25 | . 5 . 1 4 . 1 . . . . . . . . . . . 1 . . . . . . . 13 Worker 3 | . . . . 1 . . . . . . . . . . . . . 1 . . . . . 1 . . Builder 1 | . . . . 1 . . . . . . . . . . . . . . . . . . . . . . Tunneler 2 | . . . . . . . . . . . . . . . . . . 1 . . . . 1 . . . Hauler 3 | . 1 . . . . . . . . . . . . . . . . . . . . . . 1 . 1 Recycler 1 | . 1 . . . . . . . . . . . . . . . . . . . . . . . . . Mechanic 7 | . . . . . . . . . . . . . . . . . . . . . . . . . . 7 Operator 4 | . . . . . . 1 . . . . . . . . . . . 1 . . . . 1 1 . . Drone 17 | . . . . . . . . . . . . . . . . . . . . . . . . . . 17 Turret 2 | . . . 2 . . . . . . . . . . . . . . . . . . . . . . . Watcher 5 | . 2 . . . . 1 . . . . . . . . . . . 2 . . . . . . . . Swarmer 16 | . 2 1 . . . 4 . . . . . . . . . . . . . . . . . . . 9 Saboteur 2 | . . . . . . . . . . . . . . . . . . . . . . . . . . 2 Grunt 34 | . 4 3 . . . . . . . . . . . . . . . 3 . . . . . . . 24 Brawler 8 | . . . . 1 . . . . . . . . . . . . . . . . . . . . . 7 Duelist 1 | . . . . . . . . . . . . . . . . . . . . . . . . . . 1 Protector 14 | . . . . . . . . . . . . . . . . . . . . . . . . . . 14 Sentry 3 | . . . . 1 . . . . . . . . . . . . . . . . . . . . . 2 Specialist 3 | . . . . . . . . . . . . . . . . . . . . . . . . . . 3 Hunter 8 | . . . . . . . . . . . . . . . . . . . . . . . . . . 8 Programmer 17 | . . . . . . . . . . . . . . . . . . . . . . . . . . 17 Hotshot 1 | . . . . . . . . . . . . . . . . . . . . . . . . . . 1 Overlord 1 | . . . . . . . . . . . . . . . . . . . . . . . . . . 1 Striker 14 | . . . . . . . . . . . . . . . . . . . . . . . . . . 14 Executioner 16 | . . . . . . . . . . . . . . . . . . . . . . . . . . 16 Elite 3 | . . . . . . . . . . . . . . . . . . . . . . . . . . 3 Scrapoid 8 | . . . . . . . . . . . . . . . . . . . . . . . . . . 8 Best Kill Streak 11 | . 4 2 2 3 . 6 . . . . . . . . . . . 3 . . . . 1 2 . 11 Combat Bots Only 11 | . 3 2 . 2 . 4 . . . . . . . . . . . 3 . . . . . . . 11 Max Kills in Single Turn 5 | . 1 1 1 2 . 5 . . . . . . . . . . . 2 . . . . 1 1 . 2 Gunslinging 1 | . . . . . . . . . . . . . . . . . . . . . . . . . . 1 Exploded 4 | . . . . . . 4 . . . . . . . . . . . 2 . . . . . . . 1 Melee 1 | . . . . . . . . . . . . . . . . . . . . . . . . . . 1 Uniques/NPCs Destroyed . | . . . . . . . . . . . . . . . . . . . . . . . . . . . Combat | -11 -10 -10 -10 -9 -9 -6 -6 -6 -6 -5 -5 -5 -5 -5 -4 -4 -4 -4 -4 -4 -4 -3 -3 -2 -2 -2 -------- Run | Yrd Mat Min Sub Rec Scr Fac Low Low Dat Pro Fac Upp Upp Zhi Pro Fac Was Fac Upp Upp War Pro Res Res Qua Frg Hostile Shots Fired 1126 | . 42 23 27 3 . 91 16 9 . 2 20 2 2 . . 18 . 8 2 . 1 . 7 3 14 836 Missed 584 | . 8 6 12 1 . 54 9 5 . 1 16 2 2 . . 12 . 6 2 . . . 3 1 9 435 Deflected 2 | . . . . . . . . . . . . . . . . . . . . . . . . . . 2 Hits 542 | . 34 17 15 2 . 37 7 4 . 1 4 . . . . 6 . 2 . . 1 . 4 2 5 401 Melee 23 | . . . . 2 . . . . . . . . . . . . . . . . . . . . . 21 Projectile 519 | . 34 17 15 . . 37 7 4 . 1 4 . . . . 6 . 2 . . 1 . 4 2 5 380 AOE 3 | . . . . . . 2 . . . . . . . . . . . . . . . . . . . 1 Critical Strikes 24 | . . . . . . 1 . . . . . . . . . . . . . . . . . . . 23 Part Disruptions 3 | . . . . . . 1 . . . . . . . . . . . . . . . . . . . 2 Damage Taken 12158 | . 364 259 145 53 . 460 109 30 . 18 57 62 . . . 141 . 40 . . 22 . 81 18 98 10201 Core 1852 | . 50 . 8 . . 135 62 . . 18 45 49 . . . 40 . . . . . . 24 . . 1421 Absorbed by Shields 2888 | . . . . . . . . . . . . . . . . . . . . . . . . . . 2888 Regen/Repaired (Parts) 2300 | . . . . . . 21 . . . . 17 . . . . . . 35 . . 31 . . . 55 2141 Core Remaining (%) 76 | 100 . . . . 76 . . . . 74 . . . . 90 . . . . . . 96 98 . . 2 Volleys Fired 509 | . 33 19 8 6 . . . . . . . . . . 4 2 . 6 . . . . 1 2 1 427 Largest 4 | . 2 2 1 2 . . . . . . . . . . 1 1 . 1 . . . . 1 1 1 4 Hottest 570 | . 60 60 30 60 . . . . . . . . . . 90 90 . 43 . . . . 45 45 45 570 Shots Fired 980 | . 66 37 8 12 . . . . . . . . . . 4 2 . 6 . . . . 1 2 1 841 Gun 948 | . 66 37 . . . . . . . . . . . . . . . . . . . . 1 2 1 841 Cannon 18 | . . . . 12 . . . . . . . . . . 4 2 . . . . . . . . . . Launcher 14 | . . . 8 . . . . . . . . . . . . . . 6 . . . . . . . . Special . | . . . . . . . . . . . . . . . . . . . . . . . . . . . Kinetic 632 | . 33 19 . 12 . . . . . . . . . . . . . . . . . . . . . 568 Thermal 319 | . 33 18 . . . . . . . . . . . . 4 2 . . . . . . . . . 262 Explosive 14 | . . . 8 . . . . . . . . . . . . . . 6 . . . . . . . . Electromagnetic . | . . . . . . . . . . . . . . . . . . . . . . . . . . . Entropic 15 | . . . . . . . . . . . . . . . . . . . . . . . 1 2 1 11 Robot Hit Streak 90 | . 8 20 4 9 . . . . . . . . . . . . . 3 . . . . . . . 90 Robot Miss Streak 5 | . 4 2 2 2 . . . . . . . . . . . . . 1 . . . . . . . 5 Penetration Max 2 | . . . . . . . . . . . . . . . . . . . . . . . . . . 2 Secondary Targets 26 | . 1 . . . . . . . . . . . . . . . . . . . . . . . . 25 Max Gunslinging Chain 1 | . 1 . . . . . . . . . . . . . . . . . . . . . . . . 1 Shots Hit Robots 728 | . 36 28 5 6 1 4 . . . . . . . . . 1 . 9 . . 9 . 3 3 1 622 Core Hits 373 | . 17 9 9 5 . 11 . . . . . . . . . . . 11 . . . . 1 1 . 309 Critical Kills 36 | . . . . . . . . . . . . . . . . . . . . . . . 1 . . 35 Critical Parts Destroyed 38 | . . . . . . 1 . . . . . . . . . . . . . . . . . 2 . 35 Critical Strikes 82 | . . . . . . 1 . . . . . . . . . . . . . . . . 1 2 . 78 Destroy 76 | . . . . . . . . . . . . . . . . . . . . . . . . . . 76 Smash 4 | . . . . . . 1 . . . . . . . . . . . . . . . . 1 2 . . Detonate 2 | . . . . . . . . . . . . . . . . . . . . . . . . . . 2 Melee Attacks 146 | . . . . . 1 25 4 1 . 2 16 1 1 . 4 6 . 22 . . 9 . 21 12 10 11 Thermal 1 | . . . . . . . . . . . . . . . . . . . . . . . . . . 1 Impact 123 | . . . . . . 23 4 1 . 2 16 1 1 . 4 5 . 22 . . . . 21 12 9 2 Slashing 8 | . . . . . . . . . . . . . . . . . . . . . . . . . . 8 Piercing . | . . . . . . . . . . . . . . . . . . . . . . . . . . . Sneak Attacks 20 | . . . . . 1 2 . . . . . . . . . 1 . 2 . . 9 . 1 2 1 1 Combat Hostiles . | . . . . . . . . . . . . . . . . . . . . . . . . . . . Follow-up Attacks . | . . . . . . . . . . . . . . . . . . . . . . . . . . . Damage Inflicted 36304 | . 472 335 152 149 . 369 . . . . . . . . . . . 1506 . . . . 215 299 . 32807 Guns 31984 | . 469 334 . . . . . . . . . . . . . . . . . . . . . 40 . 31141 Cannons 120 | . . . . 120 . . . . . . . . . . . . . . . . . . . . . . Explosions 2695 | . . . 152 . . 260 . . . . . . . . . . . 1041 . . . . . . . 1242 Melee 1254 | . . . . . . 109 . . . . . . . . . . . 465 . . . . 215 259 . 206 Ramming 251 | . 3 1 . 29 . . . . . . . . . . . . . . . . . . . . . 218 Kinetic 24502 | . 269 190 . 120 . . . . . . . . . . . . . . . . . . . . . 23923 Thermal 8257 | . 200 144 . . . . . . . . . . . . . . . . . . . . . . . 7913 Explosive 1193 | . . . 152 . . . . . . . . . . . . . . 1041 . . . . . . . . Electromagnetic 260 | . . . . . . 260 . . . . . . . . . . . . . . . . . . . . Impact 1048 | . . . . . . 109 . . . . . . . . . . . 465 . . . . 215 259 . . Slashing 206 | . . . . . . . . . . . . . . . . . . . . . . . . . . 206 Piercing . | . . . . . . . . . . . . . . . . . . . . . . . . . . . Entropic 587 | . . . . . . . . . . . . . . . . . . . . . . . . 40 . 547 Highest Corruption 6 | . . . . 1 . . . . . . 1 1 1 1 1 . . . . . . . . . . 6 Average Corruption 3 | . . . . 1 . . . . . . 1 1 1 1 1 . . . . . . . . . . 4 Corruption Purged . | . . . . . . . . . . . . . . . . . . . . . . . . . . . Corruption Blocked . | . . . . . . . . . . . . . . . . . . . . . . . . . . . Effects 89 | . . . . 1 . . . . . . 3 . 2 . . . . . . . . . . . . 83 Message Errors 25 | . . . . 1 . . . . . . . . 1 . . . . . . . . . . . . 23 Matter Fused 22 | . . . . . . . . . . . 1 . . . . . . . . . . . . . . 21 Heat Flow Errors 10 | . . . . . . . . . . . 1 . . . . . . . . . . . . . . 9 Energy Discharges 11 | . . . . . . . . . . . . . 1 . . . . . . . . . . . . 10 Parts Fused 2 | . . . . . . . . . . . . . . . . . . . . . . . . . . 2 Data Loss (minor) 7 | . . . . . . . . . . . . . . . . . . . . . . . . . . 7 Data Loss (major) 7 | . . . . . . . . . . . 1 . . . . . . . . . . . . . . 6 Alerts 3 | . . . . . . . . . . . . . . . . . . . . . . . . . . 3 Weapon Failures 2 | . . . . . . . . . . . . . . . . . . . . . . . . . . 2 Overload Shots 20 | . . . . . . . . . . . . . . . . . . . . . . . . . . 20 Overflow Damage 914 | . . . . . . 52 . . . . . . . . . . . 320 . . . . 69 249 . 224 Projectiles . | . . . . . . . . . . . . . . . . . . . . . . . . . . . Explosions 148 | . . . . . . . . . . . . . . . . . . 3 . . . . . . . 145 Melee 766 | . . . . . . 52 . . . . . . . . . . . 317 . . . . 69 249 . 79 Knockbacks 5 | . . . . . . 2 . . . . . . . . . . . 2 . . . . . . . 1 Impact 5 | . . . . . . 2 . . . . . . . . . . . 2 . . . . . . . 1 Kinetic . | . . . . . . . . . . . . . . . . . . . . . . . . . . . Secondary . | . . . . . . . . . . . . . . . . . . . . . . . . . . . Self-Inflicted Damage 54 | . . . 54 . . . . . . . . . . . . . . . . . . . . . . . Shots 2 | . . . 2 . . . . . . . . . . . . . . . . . . . . . . . Rammed 5 | . . 2 . 3 . . . . . . . . . . . . . . . . . . . . . . Targets Rammed 15 | . 2 2 . 4 . . . . . . . . . . . . . . . . . . . . . 7 Kicked 9 | . 2 . . . . . . . . . . . . . . . . . . . . . . . . 7 Crushed 1 | . . . . 1 . . . . . . . . . . . . . . . . . . . . . . Highest Temperature 396 | . 5 63 . . . 11 . 30 . 20 251 328 . . 16 149 98 138 . . 294 186 108 111 14 396 Average Temperature 81 | . 5 30 . . . 5 . 17 . 20 97 166 . . 8 76 56 63 . . 166 65 45 73 8 95 Received Heat Transfer 661 | . 120 144 78 . . 75 . 12 . 9 . . . . . 18 . 21 . . 9 . . . . 175 Effects 1 | . . . . . . . . . . . . . . . . . . . . . . . . . . 1 Energy Bleed 1 | . . . . . . . . . . . . . . . . . . . . . . . . . . 1 Siege Activations . | . . . . . . . . . . . . . . . . . . . . . . . . . . . Martial Activations . | . . . . . . . . . . . . . . . . . . . . . . . . . . . Shielding Activations 4 | . . . . . . . . . . . . . . . . . . . . . . . . . . 4 Total Turns 60 | . . . . . . . . . . . . . . . . . . . . . . . . . . 60 Longest Duration 41 | . . . . . . . . . . . . . . . . . . . . . . . . . . 41 Robots Disrupted . | . . . . . . . . . . . . . . . . . . . . . . . . . . . Combat Hostiles . | . . . . . . . . . . . . . . . . . . . . . . . . . . . Robots Corrupted 6 | . . . . . . . . . . . . . . . . . . 5 . . . . . . . 1 Combat Hostiles . | . . . . . . . . . . . . . . . . . . . . . . . . . . . Parts Fried 12 | . . . . . . 2 . . . . . . . . . . . 2 . . . . 3 4 . 1 Impact Corruptions 20 | . . . . . . 2 . . . . . . . . . . . 10 . . . . 1 4 . 3 Robots Melted 1 | . . . . . . . . . . . . . . . . . . . . . . . . . . 1 Combat Hostiles 1 | . . . . . . . . . . . . . . . . . . . . . . . . . . 1 Parts Melted 10 | . 1 1 . . . . . . . . . . . . . . . . . . . . . . . 8 Heat Transferred 7804 | . 450 325 . . . . . . . . . . . . . . . . . . . . . . . 7029 Parts Sabotaged . | . . . . . . . . . . . . . . . . . . . . . . . . . . . Parts Stolen . | . . . . . . . . . . . . . . . . . . . . . . . . . . . Parts Stripped . | . . . . . . . . . . . . . . . . . . . . . . . . . . . Power Chain Reactions 1 | . . . . . . 1 . . . . . . . . . . . . . . . . . . . . Alert | -11 -10 -10 -10 -9 -9 -6 -6 -6 -6 -5 -5 -5 -5 -5 -4 -4 -4 -4 -4 -4 -4 -3 -3 -2 -2 -2 ------- Run | Yrd Mat Min Sub Rec Scr Fac Low Low Dat Pro Fac Upp Upp Zhi Pro Fac Was Fac Upp Upp War Pro Res Res Qua Frg Maximum Alert Level 5 | . . . . . . 2 . . . . 1 . . . . . . 1 . . . . . 1 . 5 Low Security (%) 42 | 100 100 100 . 100 . 61 . . . . 70 . . . . 100 100 67 . . . . 100 99 100 2 Level 1 5 | . . . . . . 34 . . . . 29 . . . . . . 32 . . . . . . . . Level 2 2 | . . . . . . 4 . . . . . . . . . . . . . . . . . . . 4 Level 3 1 | . . . . . . . . . . . . . . . . . . . . . . . . . . 3 Level 4 4 | . . . . . . . . . . . . . . . . . . . . . . . . . . 8 Level 5 43 | . . . . . . . . . . . . . . . . . . . . . . . . . . 80 High Security . | . . . . . . . . . . . . . . . . . . . . . . . . . . . Max Security . | . . . . . . . . . . . . . . . . . . . . . . . . . . . Peak Influence 3605 | . 74 68 . 101 . 413 . . . . 332 . . . . 157 69 255 . . . . 88 212 191 3605 Initial 119 | . . . . 71 . . . . . . . . . . . . 54 48 . . . . . 42 119 96 Average 1370 | . 19 28 . 25 . 155 . . . . 78 . . . . 15 56 120 . . . . 36 66 161 2480 Influence Increases 8105 | . 206 173 219 281 . 780 60 15 . . 448 . 135 . . 177 15 382 45 . . . 217 240 123 4589 Destroy 0b10 Robot/C 2840 | . 120 120 80 40 . 80 . . . . . . . . . . . 60 . . . . . . . 2340 Destroy 0b10 Robot/NC 290 | . 20 . . 10 . 10 . . . . . . . . . . . 25 . . . . 10 15 . 200 Destroy Leader 484 | . 26 30 . . . 12 . . . . . . . . . . . 4 . . . . . 2 . 410 Allied During Kill 71 | . . 8 4 . . . . . . . . . . . . . . . . . . . . . . 59 Successful Hack 323 | . 40 . . 21 . 57 . . . . 13 . . . . . . 52 . . . . 23 46 18 53 Select Force Hacks 210 | . . . . 210 . . . . . . . . . . . . . . . . . . . . . . Disable Machine 315 | . . . . . . 105 . . . . 15 . . . . . . 30 . . . . 30 15 45 75 Anti-Garrison Action 350 | . . . . . . 200 . . . . . . . . . . . . . . . . . . . 150 Destroy Structure 522 | . . . . . . 16 . . . . 30 . . . . 12 . 106 . . . . 34 42 30 252 Partial Spotted 285 | . . . . . . 45 . . . . 45 . . . . 15 15 60 . . . . 45 15 15 30 Lose Combat Pursuer 2415 | . . 15 135 . . 255 60 15 . . 345 . 135 . . 150 . 45 45 . . . 75 105 15 1020 Influence Decreases 4510 | . 206 155 88 424 6 405 280 110 60 . 116 194 57 216 . 20 103 201 213 37 45 . 140 105 163 1166 Entered New Map 1174 | . . . 10 78 6 . 140 30 60 . . 124 27 216 . . 103 21 93 17 45 . . 35 93 76 Time Decay 2760 | . 206 155 38 336 . 205 140 80 . . 114 70 30 . . 16 . 180 120 20 . . 140 70 70 770 Lost Part 354 | . . . . 10 . 40 . . . . . . . . . 4 . . . . . . . . . 300 Lost Ally 72 | . . . 40 . . 10 . . . . 2 . . . . . . . . . . . . . . 20 Purge Threat 150 | . . . . . . 150 . . . . . . . . . . . . . . . . . . . . Squads Dispatched 46 | . 1 . . . . 11 . . . . 7 . . . . 5 . 9 . . . . 4 2 2 5 Investigation 33 | . 1 . . . . 8 . . . . 6 . . . . 4 . 7 . . . . 2 1 1 3 Extermination 9 | . . . . . . 2 . . . . 1 . . . . 1 . 2 . . . . 1 1 1 . Reinforcement 4 | . . . . . . 1 . . . . . . . . . . . . . . . . 1 . . 2 Assault . | . . . . . . . . . . . . . . . . . . . . . . . . . . . Garrison . | . . . . . . . . . . . . . . . . . . . . . . . . . . . Intercept . | . . . . . . . . . . . . . . . . . . . . . . . . . . . Searches Triggered . | . . . . . . . . . . . . . . . . . . . . . . . . . . . Data Miner Redirects 4 | . . . . . . . . . . . 3 . . . . 1 . . . . . . . . . . Construction Impeded . | . . . . . . . . . . . . . . . . . . . . . . . . . . . Haulers Reinforced . | . . . . . . . . . . . . . . . . . . . . . . . . . . . Active Scanning Responses . | . . . . . . . . . . . . . . . . . . . . . . . . . . . Cargo Convoy Interrupts . | . . . . . . . . . . . . . . . . . . . . . . . . . . . Stealth | -11 -10 -10 -10 -9 -9 -6 -6 -6 -6 -5 -5 -5 -5 -5 -4 -4 -4 -4 -4 -4 -4 -3 -3 -2 -2 -2 --------- Run | Yrd Mat Min Sub Rec Scr Fac Low Low Dat Pro Fac Upp Upp Zhi Pro Fac Was Fac Upp Upp War Pro Res Res Qua Frg Distress Signals 24 | . 1 . . . . . . . . . 2 . . . . 1 . . . . . . 1 . . 19 Communications Jammed . | . . . . . . . . . . . . . . . . . . . . . . . . . . . Distress Signals . | . . . . . . . . . . . . . . . . . . . . . . . . . . . Times Spotted 790 | . 10 6 6 1 . 26 7 1 . 4 24 5 1 . . 13 3 21 4 . 1 . 14 12 6 625 Peak Tracking Total 20 | . 3 2 5 1 . 9 3 1 . 3 9 5 9 . . 14 3 12 9 . 1 . 5 11 3 20 Tactical Retreats 65 | . . 1 2 . . 8 2 1 . . 6 . 4 . . 2 . 2 1 . . . 2 1 1 32 Traps | -11 -10 -10 -10 -9 -9 -6 -6 -6 -6 -5 -5 -5 -5 -5 -4 -4 -4 -4 -4 -4 -4 -3 -3 -2 -2 -2 ------- Run | Yrd Mat Min Sub Rec Scr Fac Low Low Dat Pro Fac Upp Upp Zhi Pro Fac Was Fac Upp Upp War Pro Res Res Qua Frg Traps Triggered 9 | . 1 . . . . 1 . . . . . 1 . . . 1 . 1 . . . . . 1 . 3 Indirectly . | . . . . . . . . . . . . . . . . . . . . . . . . . . . Trap Hack Attempts . | . . . . . . . . . . . . . . . . . . . . . . . . . . . Triggered . | . . . . . . . . . . . . . . . . . . . . . . . . . . . Disarmed . | . . . . . . . . . . . . . . . . . . . . . . . . . . . Reprogrammed . | . . . . . . . . . . . . . . . . . . . . . . . . . . . Reused . | . . . . . . . . . . . . . . . . . . . . . . . . . . . Traps Extracted . | . . . . . . . . . . . . . . . . . . . . . . . . . . . Installed . | . . . . . . . . . . . . . . . . . . . . . . . . . . . Triggered . | . . . . . . . . . . . . . . . . . . . . . . . . . . . Most Traps Carried 1 | . . . . . 1 . . . . . . . . . . . . . . . . . . . . . Objects Rigged 7 | . . . . . . 7 . . . . . . . . . . . . . . . . . . . . Exploded 4 | . . . . . . 4 . . . . . . . . . . . . . . . . . . . . Machines | -11 -10 -10 -10 -9 -9 -6 -6 -6 -6 -5 -5 -5 -5 -5 -4 -4 -4 -4 -4 -4 -4 -3 -3 -2 -2 -2 ---------- Run | Yrd Mat Min Sub Rec Scr Fac Low Low Dat Pro Fac Upp Upp Zhi Pro Fac Was Fac Upp Upp War Pro Res Res Qua Frg Machines Disabled 26 | . . . 3 . . 7 . . . . 1 . 1 . . . . 2 . . . . 2 1 3 6 Max in Single Turn 3 | . . . 3 . . 2 . . . . 1 . 1 . . . . 2 . . . . 1 1 1 1 Garrison Access 6 | . . . . . . 1 . . . . 1 . . . . 2 . 1 . . . . . . . 1 Machines Repaired . | . . . . . . . . . . . . . . . . . . . . . . . . . . . Machines Dismantled . | . . . . . . . . . . . . . . . . . . . . . . . . . . . Machines Sabotaged . | . . . . . . . . . . . . . . . . . . . . . . . . . . . Overloaded Fab Kills . | . . . . . . . . . . . . . . . . . . . . . . . . . . . Hacking | -11 -10 -10 -10 -9 -9 -6 -6 -6 -6 -5 -5 -5 -5 -5 -4 -4 -4 -4 -4 -4 -4 -3 -3 -2 -2 -2 --------- Run | Yrd Mat Min Sub Rec Scr Fac Low Low Dat Pro Fac Upp Upp Zhi Pro Fac Was Fac Upp Upp War Pro Res Res Qua Frg Machines Accessed 121 | . 6 . . 12 5 17 . 1 4 . 14 . 1 4 . 7 . 19 1 . 7 . 7 7 3 6 Terminals 48 | . 5 . . 5 . 8 . . . . 7 . . . . 1 . 8 . . . . 4 5 2 3 Fabricators 3 | . . . . . . . . . . . . . . . . . . 2 . . . . . 1 . . Repair Stations 5 | . . . . . . 1 . . . . 2 . . . . . . 1 . . . . . . 1 . Recycling Units 35 | . 1 . . 7 . 5 . . . . 4 . . . . 4 . 7 . . . . 3 1 . 3 Scanalyzers . | . . . . . . . . . . . . . . . . . . . . . . . . . . . Garrison Access 7 | . . . . . . 3 . . . . 1 . . . . 2 . 1 . . . . . . . . Total Hacks 353 | . 18 . . 33 30 36 . 1 31 . 33 . 1 17 . 12 . 54 1 . 14 . 30 20 6 16 Successful 234 | . 11 . . 22 30 20 . 1 31 . 11 . 1 17 . 6 . 33 1 . 14 . 14 12 3 7 Failed 119 | . 7 . . 11 . 16 . . . . 22 . . . . 6 . 21 . . . . 16 8 3 9 Catastrophic 9 | . . . . . . 4 . . . . 1 . . . . 1 . 2 . . . . . . . 1 Database Lockouts . | . . . . . . . . . . . . . . . . . . . . . . . . . . . Manual 133 | . 8 . . 18 . 23 . . . . 16 . . . . 6 . 25 . . 1 . 17 9 2 8 Terminals 160 | . 17 . . 16 . 23 . . . . 18 . . . . 2 . 28 . . . . 23 16 5 12 Fabricators 4 | . . . . . . . . . . . . . . . . . . 3 . . . . . 1 . . Repair Stations 10 | . . . . . . 1 . . . . 6 . . . . . . 2 . . . . . . 1 . Recycling Units 73 | . 1 . . 17 . 6 . . . . 8 . . . . 7 . 20 . . . . 7 3 . 4 Scanalyzers . | . . . . . . . . . . . . . . . . . . . . . . . . . . . Garrison Access 11 | . . . . . . 6 . . . . 1 . . . . 3 . 1 . . . . . . . . Terminal Hacks 155 | . 8 . . 6 30 9 . 1 31 . 2 . 1 17 . . . 13 1 . 14 . 9 9 1 3 Record 52 | . . . . . 23 . . . 11 . . . 1 5 . . . 1 . . 8 . 2 1 . . Part Schematic 16 | . . . . . . . . . 12 . . . . 4 . . . . . . . . . . . . Robot Schematic 5 | . . . . . . . . . 5 . . . . . . . . . . . . . . . . . Robot Analysis 14 | . 2 . . 1 6 . . . . . . . . 4 . . . . . . . . . 1 . . Prototype ID Bank 18 | . 1 . . 4 . . . . 3 . 1 . . 4 . . . . . . 4 . 1 . . . Open Door 4 | . . . . . . . . 1 . . . . . . . . . . 1 . 2 . . . . . Level Access Points 1 | . . . . . . . . . . . . . . . . . . . . . . . 1 . . . Branch Access Points 4 | . 1 . . . . . . . . . . . . . . . . 1 . . . . 1 1 . . Emergency Access Points 3 | . 2 . . . . 1 . . . . . . . . . . . . . . . . . . . . Machine Index 1 | . . . . . . . . . . . . . . . . . . . . . . . . 1 . . Terminal Index 3 | . 1 . . . . 1 . . . . . . . . . . . 1 . . . . . . . . Recycling Unit Index 4 | . . . . . . 1 . . . . . . . . . . . 1 . . . . 1 . . 1 Garrison Index 1 | . . . . . . . . . . . . . . . . . . . . . . . . . . 1 Alert Level 4 | . . . . . . 2 . . . . . . . . . . . . . . . . 1 1 . . Unreport Threat 1 | . . . . . . 1 . . . . . . . . . . . . . . . . . . . . Locate Traps 10 | . 1 . . . . 1 . . . . 1 . . . . . . 3 . . . . 1 1 1 1 Patrol Status 2 | . . . . . . 1 . . . . . . . . . . . . . . . . 1 . . . Recall Investigation 4 | . . . . . . . . . . . . . . . . . . 4 . . . . . . . . Registered Components 1 | . . . . . . . . . . . . . . . . . . 1 . . . . . . . . Registered Prototypes 1 | . . . . . . . . . . . . . . . . . . . . . . . . 1 . . Zone Layout 5 | . . . . 1 . 1 . . . . . . . . . . . 1 . . . . . 2 . . Proto ID Catalog 1 | . . . . . 1 . . . . . . . . . . . . . . . . . . . . . Fabricator Hacks 1 | . . . . . . . . . . . . . . . . . . 1 . . . . . . . . Build 1 | . . . . . . . . . . . . . . . . . . 1 . . . . . . . . Repair Station Hacks 2 | . . . . . . . . . . . . . . . . . . 2 . . . . . . . . Scan Component 1 | . . . . . . . . . . . . . . . . . . 1 . . . . . . . . Repair 1 | . . . . . . . . . . . . . . . . . . 1 . . . . . . . . Recycling Unit Hacks 14 | . 1 . . 7 . . . . . . . . . . . . . 6 . . . . . . . . Retrieve Components 14 | . 1 . . 7 . . . . . . . . . . . . . 6 . . . . . . . . Scanalyzer . | . . . . . . . . . . . . . . . . . . . . . . . . . . . Garrison Access Hacks 4 | . . . . . . . . . . . 1 . . . . 2 . 1 . . . . . . . . Seal Access 4 | . . . . . . . . . . . 1 . . . . 2 . 1 . . . . . . . . Unauthorized Hacks 58 | . 2 . . 9 . 11 . . . . 8 . . . . 4 . 10 . . . . 5 3 2 4 Terminals 22 | . 2 . . 2 . 5 . . . . 3 . . . . 1 . 3 . . . . 3 1 1 1 Assimilate 2 | . . . . . . 1 . . . . 1 . . . . . . . . . . . . . . . Botnet 16 | . 1 . . 2 . 3 . . . . 2 . . . . . . 3 . . . . 2 1 1 1 Detonate 2 | . . . . . . 1 . . . . . . . . . . . . . . . . 1 . . . Disrupt 1 | . . . . . . . . . . . . . . . . 1 . . . . . . . . . . Operators 1 | . 1 . . . . . . . . . . . . . . . . . . . . . . . . . Fabricators 2 | . . . . . . . . . . . . . . . . . . 1 . . . . . 1 . . Liberate 2 | . . . . . . . . . . . . . . . . . . 1 . . . . . 1 . . Repair Stations 3 | . . . . . . 1 . . . . 1 . . . . . . . . . . . . . 1 . Patch 3 | . . . . . . 1 . . . . 1 . . . . . . . . . . . . . 1 . Recycling Units 30 | . . . . 7 . 4 . . . . 4 . . . . 3 . 6 . . . . 2 1 . 3 Tunnel 7 | . . . . 7 . . . . . . . . . . . . . . . . . . . . . . Fedlink 21 | . . . . . . 4 . . . . 4 . . . . 3 . 6 . . . . 2 1 . 1 Scraphulk 2 | . . . . . . . . . . . . . . . . . . . . . . . . . . 2 Scanalyzers . | . . . . . . . . . . . . . . . . . . . . . . . . . . . Garrison Access 1 | . . . . . . 1 . . . . . . . . . . . . . . . . . . . . Jam 1 | . . . . . . 1 . . . . . . . . . . . . . . . . . . . . Data Cores Recovered 3 | . . . . . . . . . . . . . . . . . . 1 . . . . 1 1 . . Used 2 | . . . . . . . . . . . . . . . . . . 1 . . . . . 1 . . Hacking Detections 66 | . 5 . . 7 . 12 . . . . 11 . . . . 3 . 11 . . . . 5 6 2 4 Full Trace Events 4 | . . . . . . 1 . . . . 1 . . . . 1 . 1 . . . . . . . . Feedback Events 2 | . . . . . . . . . . . 1 . . . . 1 . . . . . . . . . . Corruption 1 | . . . . . . . . . . . 1 . . . . . . . . . . . . . . . Hackware Fried 1 | . . . . . . . . . . . . . . . . 1 . . . . . . . . . . Feedback Blocked . | . . . . . . . . . . . . . . . . . . . . . . . . . . . Robot Schematics Acquired 5 | . . . . . . . . . 5 . . . . . . . . . . . . . . . . . Robots Built . | . . . . . . . . . . . . . . . . . . . . . . . . . . . Authchips . | . . . . . . . . . . . . . . . . . . . . . . . . . . . Time 169 | . . . . . . . . . . . . . . . . . . 169 . . . . . . . . Total Robot Build Rating . | . . . . . . . . . . . . . . . . . . . . . . . . . . . Part Schematics Acquired 16 | . . . . . . . . . 12 . . . . 4 . . . . . . . . . . . . Parts Built . | . . . . . . . . . . . . . . . . . . . . . . . . . . . Authchips . | . . . . . . . . . . . . . . . . . . . . . . . . . . . Time . | . . . . . . . . . . . . . . . . . . . . . . . . . . . Total Part Build Rating . | . . . . . . . . . . . . . . . . . . . . . . . . . . . Parts Repaired 1 | . . . . . . . . . . . . . . . . . . 1 . . . . . . . . Time 62 | . . . . . . . . . . . . . . . . . . 62 . . . . . . . . Parts Recycled . | . . . . . . . . . . . . . . . . . . . . . . . . . . . Recycled Matter . | . . . . . . . . . . . . . . . . . . . . . . . . . . . Retrieved Matter . | . . . . . . . . . . . . . . . . . . . . . . . . . . . Retrieved Components 29 | . 3 . . 16 . . . . . . . . . . . . . 10 . . . . . . . . Parts Scanalyzed . | . . . . . . . . . . . . . . . . . . . . . . . . . . . Part Schematics Acquired . | . . . . . . . . . . . . . . . . . . . . . . . . . . . Parts Damaged . | . . . . . . . . . . . . . . . . . . . . . . . . . . . Bothacking | -11 -10 -10 -10 -9 -9 -6 -6 -6 -6 -5 -5 -5 -5 -5 -4 -4 -4 -4 -4 -4 -4 -3 -3 -2 -2 -2 ------------ Run | Yrd Mat Min Sub Rec Scr Fac Low Low Dat Pro Fac Upp Upp Zhi Pro Fac Was Fac Upp Upp War Pro Res Res Qua Frg Used RIF Installer . | . . . . . . . . . . . . . . . . . . . . . . . . . . . Robots Hacked 3 | . . . . . 1 . . . . . . . . . . 1 . . . . . . . . 1 . Non-combat 1 | . . . . . . . . . . . . . . . . 1 . . . . . . . . . . Combat 1 | . . . . . 1 . . . . . . . . . . . . . . . . . . . . . Robot Hacks Applied 2 | . . . . . 1 . . . . . . . . . . 1 . . . . . . . . . . parse_system 1 | . . . . . 1 . . . . . . . . . . . . . . . . . . . . . find_chute 1 | . . . . . . . . . . . . . . . . 1 . . . . . . . . . . Manual 1 | . . . . . . . . . . . . . . . . . . . . . . . . . 1 . Relay Couplers Released 1 | . . . . . . . . . . . . . . . . . . . . . . . . . . 1 Machine Destruction 1 | . . . . . . . . . . . . . . . . . . . . . . . . . . 1 Fabnet Peak Effective % . | . . . . . . . . . . . . . . . . . . . . . . . . . . . Robots Rewired 12 | . . . . 7 . . . . . . . . . . . . . . . . 5 . . . . . Allies Hacked . | . . . . . . . . . . . . . . . . . . . . . . . . . . . Hacks Repelled . | . . . . . . . . . . . . . . . . . . . . . . . . . . . Allies | -11 -10 -10 -10 -9 -9 -6 -6 -6 -6 -5 -5 -5 -5 -5 -4 -4 -4 -4 -4 -4 -4 -3 -3 -2 -2 -2 -------- Run | Yrd Mat Min Sub Rec Scr Fac Low Low Dat Pro Fac Upp Upp Zhi Pro Fac Was Fac Upp Upp War Pro Res Res Qua Frg Total Allies 21 | . . 2 . 7 . 1 . . . . 1 . . . . . . 3 . . 5 . . . . 2 Largest Group 7 | . . 2 2 7 7 1 . . . . 1 . . . . . . 3 . . 5 . . . . 2 Highest-Rated Group 295 | . . 55 55 123 123 26 . . . . 10 . . . . . . 141 . . 295 . . . . 278 Highest-Rated Ally 139 | . . 31 31 27 27 26 . . . . 10 . . . . . . 47 . . 68 . . . . 139 Total Orders 1 | . . . . . . . . . . . . . . . . . . . . . 1 . . . . . STAY 1 | . . . . . . . . . . . . . . . . . . . . . 1 . . . . . Ally Attacks 37 | . . 8 6 . . . . . . . . . . . . . . . . . . . . . . 23 Total Damage 1309 | . . 84 93 . . . . . . . . . . . . . . . . . . . . . . 1132 Kills 14 | . . 2 2 . . . . . . . . . . . . . . . . . . . . . . 10 Allies Corrupted . | . . . . . . . . . . . . . . . . . . . . . . . . . . . Allies Melted 4 | . . . . . . . . . . . . . . . . . . . . . . . . . . 4 Intel | -11 -10 -10 -10 -9 -9 -6 -6 -6 -6 -5 -5 -5 -5 -5 -4 -4 -4 -4 -4 -4 -4 -3 -3 -2 -2 -2 ------- Run | Yrd Mat Min Sub Rec Scr Fac Low Low Dat Pro Fac Upp Upp Zhi Pro Fac Was Fac Upp Upp War Pro Res Res Qua Frg Active Infowar (turns) 9817 | . 291 395 272 473 . 581 285 168 27 358 398 159 66 51 103 133 12 364 241 50 316 66 289 159 140 4420 Optics 6243 | . . . . . . 57 . . . . . . . . . 129 12 364 241 50 316 66 289 159 140 4420 Sensors 5805 | . 291 395 272 473 . 524 285 168 27 358 398 159 66 51 103 133 12 364 241 50 316 66 282 159 131 481 Structural 1844 | . . . . . . 127 . . 9 . 373 2 22 26 101 133 12 364 7 . . 42 282 159 127 58 Traps 1071 | . . . . . . 562 285 168 27 29 . . . . . . . . . . . . . . . . Robot Analysis Total 14 | . 2 . . 1 6 . . . . . . . . 4 . . . . . . . . . 1 . . Derelict Logs Recovered 13 | . . 2 1 . . . 1 . . 1 . 2 1 . 2 . . . 2 1 . . . . . . Drone Launches . | . . . . . . . . . . . . . . . . . . . . . . . . . . . Drone Recoveries . | . . . . . . . . . . . . . . . . . . . . . . . . . . . Exploration | -11 -10 -10 -10 -9 -9 -6 -6 -6 -6 -5 -5 -5 -5 -5 -4 -4 -4 -4 -4 -4 -4 -3 -3 -2 -2 -2 ------------- Run | Yrd Mat Min Sub Rec Scr Fac Low Low Dat Pro Fac Upp Upp Zhi Pro Fac Was Fac Upp Upp War Pro Res Res Qua Frg Turns Passed 11634 | 62 647 395 272 942 462 596 285 168 27 358 398 159 66 51 103 133 12 364 241 50 316 66 289 159 140 4873 Spaces Moved 16952 | 48 414 199 159 532 1059 1385 722 558 98 200 1104 215 219 150 309 486 65 1119 292 266 880 301 994 541 484 4153 Core 48 | 16 . . . . . . . . . . . . . . . . . . . . . . . . . 32 Treads 912 | . . 190 159 532 31 . . . . . . . . . . . . . . . . . . . . . Legs 2507 | 32 414 9 . . . . . . . . . . . . . . . . . . . . . . . 2052 Wheels . | . . . . . . . . . . . . . . . . . . . . . . . . . . . Hover . | . . . . . . . . . . . . . . . . . . . . . . . . . . . Flight 13485 | . . . . . 1028 1385 722 558 98 200 1104 215 219 150 309 486 65 1119 292 266 880 301 994 541 484 2069 Fastest Speed 6 | 50 120 120 160 160 37 23 27 23 27 23 23 27 27 24 24 6 14 6 18 18 16 16 7 7 11 7 Average Speed 44 | 96 120 158 160 160 41 27 27 26 27 26 26 27 27 26 24 20 17 19 18 18 17 16 16 16 16 69 Slowest Speed 250 | 120 120 160 160 160 160 104 27 27 27 27 27 27 27 27 24 98 20 20 18 18 18 16 17 17 17 250 Overloaded Moves 521 | . . . . . . 18 . 21 . 9 28 . . . . 23 28 45 . . . . 20 15 21 293 Propulsion Burnouts . | . . . . . . . . . . . . . . . . . . . . . . . . . . . Robots Hopped 62 | . . . . . 2 6 7 . . . 5 . . . . 4 . 12 . . . . 2 2 2 20 Potential Cave-ins . | . . . . . . . . . . . . . . . . . . . . . . . . . . . Cave-ins Triggered . | . . . . . . . . . . . . . . . . . . . . . . . . . . . Exploration Rate (%) 54 | 4 73 65 15 92 76 44 68 68 74 44 36 46 49 62 53 24 78 45 50 51 95 58 28 19 83 63 Regions Visited 26 Branch Regions 18 Pre-discovered Areas 22 | . . 2 1 7 4 1 . . 1 . . . . 3 2 . . . 1 . . . . . . . Known Exits Taken 20 | . 1 . . . 1 1 1 1 1 1 1 1 1 1 1 . . 1 1 1 1 1 1 1 1 . Unknown Exits Taken 4 | 1 . 1 1 1 . . . . . . . . . . . . . . . . . . . . . . Scrap Searched 28 | . . 2 . . 5 . 3 7 . 2 . . 1 . 1 . . . 1 3 . 3 . . . . Spaces Dug 121 | . . . . . . 11 2 1 . 2 14 1 . . 8 7 . 16 . . . . 17 14 10 18 Terrain Destroyed 278 | . . . 17 . . 15 2 1 . 2 14 1 . . 8 7 . 58 . . . . 17 14 10 112 Melee 90 | . . . . . . 11 2 1 . 2 14 1 . . 4 5 . 16 . . . . 14 9 6 5 Projectile 123 | . . . . . . . . . . . . . . . 4 2 . . . . . . 3 5 4 105 AOE 65 | . . . 17 . . 4 . . . . . . . . . . . 42 . . . . . . . 2 Terrain Rammed . | . . . . . . . . . . . . . . . . . . . . . . . . . . . Walls Destroyed . | . . . . . . . . . . . . . . . . . . . . . . . . . . . Machines Disabled . | . . . . . . . . . . . . . . . . . . . . . . . . . . . Actions | -11 -10 -10 -10 -9 -9 -6 -6 -6 -6 -5 -5 -5 -5 -5 -4 -4 -4 -4 -4 -4 -4 -3 -3 -2 -2 -2 --------- Run | Yrd Mat Min Sub Rec Scr Fac Low Low Dat Pro Fac Upp Upp Zhi Pro Fac Was Fac Upp Upp War Pro Res Res Qua Frg Total 19795 | 61 502 241 168 611 1086 1555 796 575 97 501 1170 313 222 162 324 507 64 1205 478 267 1051 317 1071 581 526 5344 Wait 1635 | . 27 15 1 14 5 124 75 5 . 292 39 98 . . 3 . . 41 184 . 144 16 46 10 14 482 Move 16812 | 47 413 198 158 531 1055 1372 708 557 97 199 1093 214 218 149 308 478 64 1095 291 265 879 300 989 535 479 4120 Hop 52 | . . . . . 1 6 6 . . . 5 . . . . 4 . 11 . . . . 2 2 2 13 Pick Up 114 | 8 10 2 . 2 6 10 . 5 . 2 6 . . 2 . 3 . 2 1 2 8 . 3 . 3 39 Fast Attach 70 | 4 2 . . 2 3 3 1 1 . 1 1 . 2 1 1 1 . 2 . . . . 1 . 4 40 Attach 68 | 2 . 1 . . 1 11 . . . . 3 . . 1 1 4 . . . . . . 1 2 2 39 Detach 25 | . . . . . 1 . . . . . 1 . . . 1 2 . . . . . . . 2 2 16 Swap 86 | . 4 2 1 2 3 3 1 . . 1 1 . . 5 1 4 . 4 2 . 3 1 4 1 2 41 Drop 141 | . 11 2 . 7 10 1 1 6 . 4 5 . 1 4 1 3 . 4 . . 8 . 3 . 7 63 Fire 509 | . 33 19 8 6 . . . . . . . . . . 4 2 . 6 . . . . 1 2 1 427 Melee 146 | . . . . . 1 25 4 1 . 2 16 1 1 . 4 6 . 22 . . 9 . 21 12 10 11 Ram . | . . . . . . . . . . . . . . . . . . . . . . . . . . . Kick 9 | . 2 . . . . . . . . . . . . . . . . . . . . . . . . 7 Crush 6 | . . 2 . 4 . . . . . . . . . . . . . . . . . . . . . . Escape Stasis 49 | . . . . . . . . . . . . . . . . . . 18 . . . . . 15 . 16 Rewire 43 | . . . . 43 . . . . . . . . . . . . . . . . . . . . . . Trap . | . . . . . . . . . . . . . . . . . . . . . . . . . . . Miscellaneous 30 | . . . . . . . . . . . . . . . . . . . . . . . . . . 30 Route ------- -11/Scrapyard -10/Materials (discovered 3 exits: [*Mat] / *Min x2) -10/Mines (discovered 3 exits: [*Mat x2] / [*Sub]) -10/Subcaves -9/Recycling (discovered 2 exits: [*Fac] / *Scr) -9/Scraptown (discovered 2 exits: *Fac x2) -6/Factory (discovered 2 exits: *Low x2) -6/Lower Caves -6/Lower Caves -6/Data Miner -5/Proximity Caves -5/Factory (discovered 6 exits: *Fac x3 / *Upp x2 / [*Ext]) -5/Upper Caves -5/Upper Caves (discovered 2 exits: *Fac / *Zhi) -5/Zhirov -4/Proximity Caves -4/Factory (discovered 4 exits: *Res x2 / Upp / Arm) -4/Waste -4/Factory (discovered 5 exits: *Res x2 / *Upp x2 / Arm) -4/Upper Caves -4/Upper Caves (discovered 2 exits: Res / *War) -4/Warlord -3/Proximity Caves -3/Research (discovered 5 exits: *Res x3 / Tes x2) -2/Research (discovered 2 exits: *Qua x2) -2/Quarantine (discovered 3 exits: [*Acc] / [*Sec] / *Frg) -2/Protoforge 0bPrime History --------- Turn | Location | Event 4 | -11/Scrapyard | Discovered new exit (range 14) 63 | -11/Scrapyard | Entered Materials 74 | -10/Materials | Identified exit to Mines 302 | -10/Materials | Build established: Mutant 412 | -10/Materials | Discovered new exit (range 3) 710 | -10/Materials | Entered Mines 711 | -10/Mines | Learned location of Storage (-9) 908 | -10/Mines | Learned location of Zion (-7) 963 | -10/Mines | Learned Materials machine intel 991 | -10/Mines | Discovered new exit (range 12) 1020 | -10/Mines | Discovered new exit (range 16) 1072 | -10/Mines | Discovered new exit (range 9) 1105 | -10/Mines | Entered Subcaves 1105 | -10/Subcaves | Accompanied by 2 allies 1106 | -10/Subcaves | Approached by a straggling Scientist 1110 | -10/Subcaves | Led the pair of lost Derelicts to an unsafe place 1297 | -10/Subcaves | Shifting Twisted Machinery released Sub. Monowheel 1316 | -10/Subcaves | Discovered new exit (range 13) 1368 | -10/Subcaves | Lost 3 allies 1377 | -10/Subcaves | Entered Recycling 1658 | -9/Recycling | Discovered new exit (range 5) 2190 | -9/Recycling | Build established: Commander-Mutant 2271 | -9/Recycling | Scanned before Scraplab entrance 2294 | -9/Recycling | Entered Scraplab 2307 | -9/Recycling | Discovered new exit (range 2) 2319 | -9/Recycling | Entered Scraptown 2319 | -9/Scraptown | Accompanied by 7 allies 2319 | -9/Scraptown | System corruption cleaned by C-Scrubber 2479 | -9/Scraptown | Visited UFD Registry 2479 | -9/Scraptown | Registered with UFD as "Deathchaser" 2484 | -9/Scraptown | Visited Fellowship of the Rings 2488 | -9/Scraptown | Visited Symbiants 2495 | -9/Scraptown | Visited SPCMW 2497 | -9/Scraptown | Visited Science Testing Area 2527 | -9/Scraptown | Visited Scrapoid Research Area 2547 | -9/Scraptown | Visited Cyclists 2551 | -9/Scraptown | Entered Cyclist Reading Room 2588 | -9/Scraptown | Visited A0-MCA Data Center 2591 | -9/Scraptown | Given a B rating by A0-MCA 2594 | -9/Scraptown | Found A0-MCA's Component Scanner 2603 | -9/Scraptown | Visited Analyses Database 2631 | -9/Scraptown | Visited Science Guys 2652 | -9/Scraptown | Visited Research Penetration Think Tank 2658 | -9/Scraptown | Visited Modified Component R&D 2677 | -9/Scraptown | Visited Abandonware Association 2681 | -9/Scraptown | Learned abandonware demo "TRNCOAT.EXE" 2681 | -9/Scraptown | Learned abandonware demo "MELTYB.EXE" 2690 | -9/Scraptown | Visited Chapter 10 2697 | -9/Scraptown | Visited Cartography Club 2719 | -9/Scraptown | Found Deep Structural Scanner 2730 | -9/Scraptown | Learned location of Mines (-9) 2730 | -9/Scraptown | Learned location of Warlord (-4) 2730 | -9/Scraptown | Learned 8 Research zone layouts 2730 | -9/Scraptown | Learned 4 Access zone layouts 2730 | -9/Scraptown | Learned 4 Mines zone layouts 2730 | -9/Scraptown | Learned 8 Upper Caves zone layouts 2730 | -9/Scraptown | Learned 12 Upper Caves zone layouts 2730 | -9/Scraptown | Learned 24 Upper Caves zone layouts 2730 | -9/Scraptown | Learned 12 Proximity Caves zone layouts 2730 | -9/Scraptown | Learned location of 1 exit from Factory 2730 | -9/Scraptown | Learned location of 1 exit from Research 2730 | -9/Scraptown | Learned location of 1 exit from Upper Caves 2730 | -9/Scraptown | Identified exit to Factory 2761 | -9/Scraptown | Met Optimus 2761 | -9/Scraptown | Accepted into 0bPrime 2781 | -9/Scraptown | Entered Factory 2781 | -6/Factory | Evolved 8 slots: Power x1, Propulsion x3, Utility x4 2782 | -6/Factory | Identified exit to Lower Caves 3103 | -6/Factory | Loaded intel: 8 recycling unit locations 3109 | -6/Factory | Learned location of Protoforge (-2) 3160 | -6/Factory | Build established: Scout 3196 | -6/Factory | Lost 3 parts (1p2n) 3204 | -6/Factory | Discovered exit to Lower Caves (range 12) 3377 | -6/Factory | Entered Lower Caves 3387 | -6/Lower Caves | Learned 4 Factory zone layouts 3660 | -6/Lower Caves | Discovered new exit (range 7) 3661 | -6/Lower Caves | Identified exit to Lower Caves 3662 | -6/Lower Caves | Entered another Lower Caves area 3734 | -6/Lower Caves | Attracted the attention of an 0b10 checkpoint 3803 | -6/Lower Caves | Discovered new exit (range 14) 3826 | -6/Lower Caves | Identified exit to Data Miner 3830 | -6/Lower Caves | Entered Data Miner 3830 | -6/Data Miner | Discovered new exit (range 6) 3836 | -6/Data Miner | Met Data Miner 3847 | -6/Data Miner | Acquired the access code to Warlord's prototype stash 3847 | -6/Data Miner | Learned location of Section 7 (-2) 3850 | -6/Data Miner | Received God Mode back door access code from Data Miner 3856 | -6/Data Miner | Identified exit to Proximity Caves 3857 | -6/Data Miner | Entered Proximity Caves 3858 | -5/Proximity Caves | Identified exit to Factory 4058 | -5/Proximity Caves | Received a Behemoth hack from an annoying Tinkerer 4157 | -5/Proximity Caves | Build established: Derelict-Scout 4190 | -5/Proximity Caves | Spotted B-75 Beast 4195 | -5/Proximity Caves | Learned Factory terminal intel 4215 | -5/Proximity Caves | Entered Factory 4215 | -5/Factory | Evolved 2 slots: Utility x2 4216 | -5/Factory | Identified exit to Upper Caves 4218 | -5/Factory | Loaded intel: 28 terminal locations 4289 | -5/Factory | Discovered new exit (range 8) 4291 | -5/Factory | Identified exit to Factory 4329 | -5/Factory | Loaded intel: 8 recycling unit locations 4352 | -5/Factory | Incoming investigation squad redirected 4437 | -5/Factory | Discovered exit to Factory (range 14) 4508 | -5/Factory | Incoming investigation squad redirected 4514 | -5/Factory | Discovered exit to Factory (range 14) 4529 | -5/Factory | Incoming investigation squad redirected 4544 | -5/Factory | Discovered new exit (range 15) 4613 | -5/Factory | Entered Upper Caves 4614 | -5/Upper Caves | Identified exit to Upper Caves 4629 | -5/Upper Caves | Learned 8 Factory zone layouts 4651 | -5/Upper Caves | Encountered a Warlord checkpoint 4772 | -5/Upper Caves | Entered another Upper Caves area 4773 | -5/Upper Caves | Identified exit to Zhirov 4804 | -5/Upper Caves | Learned location of 1 exit from Upper Caves 4815 | -5/Upper Caves | Found Alien Artifact 4815 | -5/Upper Caves | Identified Dimensional Node Initializer 4815 | -5/Upper Caves | Initialized slip node 4838 | -5/Upper Caves | Entered Zhirov 4838 | -5/Zhirov | Discovered new exit (range 3) 4843 | -5/Zhirov | Met Zhirov 4849 | -5/Zhirov | Learned location of Command (-1) 4849 | -5/Zhirov | Learned location of Testing (-3) 4854 | -5/Zhirov | Zhirov requested help retrieving the SGEMP Prototype 4858 | -5/Zhirov | Found Alien Artifact 4858 | -5/Zhirov | Identified Integrated Dissipator 4858 | -5/Zhirov | Installed Integrated Dissipator, increased core heat dissipation (+20) 4866 | -5/Zhirov | Found Alien Artifact 4889 | -5/Zhirov | Identified exit to Proximity Caves 4889 | -5/Zhirov | Entered Proximity Caves 4959 | -4/Proximity Caves | Spotted B-86 Titan 4989 | -4/Proximity Caves | Discovered exit to Factory (range 12) 4992 | -4/Proximity Caves | Entered Factory 4992 | -4/Factory | Evolved 2 slots: Propulsion x1, Utility x1 4993 | -4/Factory | Identified exit to Upper Caves 4993 | -4/Factory | Identified exit to Armory 4993 | -4/Factory | Identified exit to Research 5032 | -4/Factory | Loaded intel: 8 recycling unit locations 5043 | -4/Factory | Spotted B-86 Titan 5067 | -4/Factory | System Shield fried by hacking feedback 5074 | -4/Factory | Spotted B-86 Titan 5107 | -4/Factory | Incoming investigation squad redirected 5125 | -4/Factory | Discovered exit to Research (range 21) 5125 | -4/Factory | Sucked down chute 5125 | -4/Factory | Entered Waste 5127 | -4/Waste | Spotted C-40 Crusher 5129 | -4/Waste | Spotted C-40 Crusher 5133 | -4/Waste | Spotted C-40 Crusher 5133 | -4/Waste | Spotted C-40 Crusher 5134 | -4/Waste | Discovered new exit (range 22) 5135 | -4/Waste | Spotted C-40 Crusher 5137 | -4/Waste | Identified exit to Factory 5137 | -4/Waste | Entered Factory 5181 | -4/Factory | Spotted B-86 Titan 5224 | -4/Factory | Repaired Adv. Reaction Control System 5262 | -4/Factory | Loaded intel: 8 recycling unit locations 5315 | -4/Factory | Discovered exit to Upper Caves (range 12) 5361 | -4/Factory | Discovered exit to Research (range 20) 5377 | -4/Factory | Build established: Hacker-Scout 5501 | -4/Factory | Discovered exit to Research (range 21) 5501 | -4/Factory | Entered Upper Caves 5502 | -4/Upper Caves | Encountered a Warlord checkpoint 5502 | -4/Upper Caves | Identified exit to Upper Caves 5507 | -4/Upper Caves | Learned Research stockpile data 5742 | -4/Upper Caves | Entered another Upper Caves area 5742 | -4/Upper Caves | Discovered exit to Research (range 13) 5760 | -4/Upper Caves | Learned Research emergency access door positions 5788 | -4/Upper Caves | Discovered new exit (range 16) 5792 | -4/Upper Caves | Identified exit to Warlord 5792 | -4/Upper Caves | Entered Warlord 5815 | -4/Warlord | Found RU-N14's Throwing Claymores v3 5817 | -4/Warlord | Found RU-N14's Throwing Claymores v3 5861 | -4/Warlord | Visited the Vortex Lab 5865 | -4/Warlord | Found Vortex Shotgun 5866 | -4/Warlord | Found Vortex Shotgun 5869 | -4/Warlord | Found Vortex Rail 5871 | -4/Warlord | Found Vortex Rail 5883 | -4/Warlord | Warlord's base attacked by MAIN.C 5912 | -4/Warlord | Learned Quarantine trap positions 5912 | -4/Warlord | Learned 4 Research zone layouts 5912 | -4/Warlord | Learned Factory repair station intel 5912 | -4/Warlord | Learned Armory fabricator intel 5912 | -4/Warlord | Learned Research terminal intel 5912 | -4/Warlord | Learned Research fabricator intel 6039 | -4/Warlord | Rebuked by Warlord 6040 | -4/Warlord | Opened Warlord's prototype stash 6045 | -4/Warlord | Found System Mapper 6050 | -4/Warlord | Found Vortex Chain Reactor 6097 | -4/Warlord | Opened side exit 6100 | -4/Warlord | Discovered new exit (range 10) 6108 | -4/Warlord | Identified exit to Proximity Caves 6108 | -4/Warlord | Entered Proximity Caves 6168 | -3/Proximity Caves | Discovered exit to Research (range 24) 6174 | -3/Proximity Caves | Entered Research 6174 | -3/Research | Evolved 2 slots: Utility x1, Weapon x1 6175 | -3/Research | Identified exit to Testing 6176 | -3/Research | Identified exit to Research 6180 | -3/Research | Loaded intel: 21 terminal locations 6181 | -3/Research | Loaded intel: 4 fabricator locations 6419 | -3/Research | Loaded intel: 5 recycling unit locations 6463 | -3/Research | Entered another Research area 6463 | -2/Research | Evolved 2 slots: Power x1, Weapon x1 6464 | -2/Research | Identified exit to Quarantine 6467 | -2/Research | Discovered exit to Quarantine (range 12) 6590 | -2/Research | Spotted B-90 Cyclops 6591 | -2/Research | Loaded intel: 5 recycling unit locations 6622 | -2/Research | Entered Quarantine 6623 | -2/Quarantine | Loaded intel: 28 trap records 6641 | -2/Quarantine | Found Alien Slashing Weapon 6641 | -2/Quarantine | Identified Sigix Broadsword 6671 | -2/Quarantine | Found Alien Artifact 6682 | -2/Quarantine | Discovered new exit (range 23) 6696 | -2/Quarantine | Identified Phase Redirector 6700 | -2/Quarantine | Found Alien Artifact 6713 | -2/Quarantine | Found Alien Artifact 6713 | -2/Quarantine | Identified Core Reset Matrix 6713 | -2/Quarantine | Identified Subatomic Replicator 6713 | -2/Quarantine | Used Core Reset Matrix 6717 | -2/Quarantine | Detected hypermatrix surge 6717 | -2/Quarantine | Sensed 1 artifact in vicinity 6717 | -2/Quarantine | Discovered new exit (range 17) 6750 | -2/Quarantine | Spotted Fortress 6761 | -2/Quarantine | Discovered new exit (range 6) 6761 | -2/Quarantine | Discovered new exit (range 7) 6762 | -2/Quarantine | Identified exit to Protoforge 6762 | -2/Quarantine | Entered Protoforge 6763 | -2/Protoforge | Sensed 2 artifacts in vicinity 6779 | -2/Protoforge | Superfortress began startup sequence 6781 | -2/Protoforge | Spotted Hotshot 6782 | -2/Protoforge | Spotted Hotshot 6784 | -2/Protoforge | Spotted AP7-3 6784 | -2/Protoforge | Spotted AP7-3 6785 | -2/Protoforge | Spotted EXE-6 6785 | -2/Protoforge | Spotted EXE-6 6786 | -2/Protoforge | Spotted SKR-2 6786 | -2/Protoforge | Spotted SKR-2 6786 | -2/Protoforge | Spotted SKR-2 6791 | -2/Protoforge | UFD initiated attack on Protoforge 6791 | -2/Protoforge | Loaded intel: 3 recycling unit locations 6803 | -2/Protoforge | Scraphulk reinforcements arrived? 6813 | -2/Protoforge | Scraphulk reinforcements arrived? 6818 | -2/Protoforge | Spotted EXE-6 6819 | -2/Protoforge | Spotted EXE-6 6825 | -2/Protoforge | Found Cep. XC Strikerail 6826 | -2/Protoforge | Found Cep. XC Strikerail 6827 | -2/Protoforge | Optimus greeted in Protoforge 6831 | -2/Protoforge | Found Exp. Core Analyzer 6837 | -2/Protoforge | Found Exp. Kinecellerator 6839 | -2/Protoforge | Found Exp. Kinecellerator 6862 | -2/Protoforge | Lost 6 allies 6891 | -2/Protoforge | Spotted Immortal 6891 | -2/Protoforge | Spotted Immortal 6904 | -2/Protoforge | Found Cep. Variable Chargecaster 6905 | -2/Protoforge | Found Cep. Variable Chargecaster 7040 | -2/Protoforge | Spotted Striker 7040 | -2/Protoforge | Spotted Executioner 7053 | -2/Protoforge | Spotted Striker 7068 | -2/Protoforge | Spotted Hotshot 7070 | -2/Protoforge | Spotted Hotshot 7073 | -2/Protoforge | Spotted Striker 7084 | -2/Protoforge | Destroyed Striker 7084 | -2/Protoforge | Spotted Striker 7086 | -2/Protoforge | Spotted Striker 7087 | -2/Protoforge | Spotted Striker 7089 | -2/Protoforge | Spotted Executioner 7137 | -2/Protoforge | Allies destroyed 02F02-K 7176 | -2/Protoforge | Lost 17 allies 7213 | -2/Protoforge | Spotted Executioner 7213 | -2/Protoforge | Spotted Striker 7220 | -2/Protoforge | Destroyed Striker 7223 | -2/Protoforge | Spotted Executioner 7223 | -2/Protoforge | Destroyed Executioner 7225 | -2/Protoforge | Spotted Striker 7265 | -2/Protoforge | Destroyed Striker 7316 | -2/Protoforge | Destroyed Executioner 7337 | -2/Protoforge | Destroyed 7 combat bots 7452 | -2/Protoforge | Spotted Executioner 7455 | -2/Protoforge | P-80 Master assimilated allied D4-YH4(E) 7456 | -2/Protoforge | Spotted Striker 7475 | -2/Protoforge | Spotted Overlord 7492 | -2/Protoforge | Destroyed Striker 7502 | -2/Protoforge | UFD reported confirmed Drillbomb installation 7512 | -2/Protoforge | Spotted Executioner 7513 | -2/Protoforge | Destroyed 9 combat bots 7515 | -2/Protoforge | Destroyed Overlord 7516 | -2/Protoforge | Build established: Scavenger-Mutant 7525 | -2/Protoforge | Spotted Executioner 7525 | -2/Protoforge | Spotted Executioner 7525 | -2/Protoforge | Spotted Executioner 7557 | -2/Protoforge | Destroyed Executioner 7576 | -2/Protoforge | Lost 9 allies 7578 | -2/Protoforge | Destroyed 7 combat bots 7615 | -2/Protoforge | Used Subatomic Replicator to replicate Cep. XC Strikerail 7666 | -2/Protoforge | Spotted Executioner 7698 | -2/Protoforge | Spotted Executioner 7701 | -2/Protoforge | Spotted Striker 7705 | -2/Protoforge | Spotted Striker 7708 | -2/Protoforge | Destroyed Executioner 7708 | -2/Protoforge | Destroyed Striker 7748 | -2/Protoforge | UFD reported confirmed Drillbomb installation 7759 | -2/Protoforge | Spotted Executioner 7768 | -2/Protoforge | Lost 7 allies 7791 | -2/Protoforge | Destroyed 11 combat bots 7810 | -2/Protoforge | Spotted Executioner 7824 | -2/Protoforge | Spotted Executioner 7825 | -2/Protoforge | P-80 Master assimilated allied 02F65-D 7862 | -2/Protoforge | Spotted Striker 7865 | -2/Protoforge | Spotted Striker 7868 | -2/Protoforge | Lost 6 allies 7869 | -2/Protoforge | Destroyed Striker 7878 | -2/Protoforge | Found Adv. Kinecellerator 7933 | -2/Protoforge | Spotted Hotshot 7934 | -2/Protoforge | Spotted Hotshot 7938 | -2/Protoforge | Destroyed Hotshot 7944 | -2/Protoforge | Spotted Executioner 7946 | -2/Protoforge | Spotted Striker 7980 | -2/Protoforge | Spotted Executioner 7990 | -2/Protoforge | Spotted Executioner 7994 | -2/Protoforge | Destroyed Executioner 8005 | -2/Protoforge | Spotted Striker 8007 | -2/Protoforge | Spotted Striker 8012 | -2/Protoforge | Destroyed Striker 8012 | -2/Protoforge | Destroyed Striker 8024 | -2/Protoforge | Found UFD Drillbomb 8029 | -2/Protoforge | Lost 6 allies 8054 | -2/Protoforge | Spotted Executioner 8055 | -2/Protoforge | Spotted Striker 8070 | -2/Protoforge | Spotted Executioner 8082 | -2/Protoforge | UFD reported confirmed Drillbomb installation 8099 | -2/Protoforge | Spotted Executioner 8100 | -2/Protoforge | Destroyed Executioner 8101 | -2/Protoforge | Spotted Striker 8112 | -2/Protoforge | Destroyed Striker 8132 | -2/Protoforge | Spotted Executioner 8135 | -2/Protoforge | Spotted Executioner 8158 | -2/Protoforge | Destroyed Executioner 8195 | -2/Protoforge | Spotted Executioner 8196 | -2/Protoforge | Spotted Executioner 8197 | -2/Protoforge | Spotted Executioner 8197 | -2/Protoforge | Spotted Executioner 8244 | -2/Protoforge | UFD reported confirmed Drillbomb installation 8266 | -2/Protoforge | Installed UFD Drillbomb at designated target 8266 | -2/Protoforge | UFD reported confirmed Drillbomb installation 8296 | -2/Protoforge | Lost 23 allies 8314 | -2/Protoforge | Found UFD Drillbomb 8321 | -2/Protoforge | Spotted Executioner 8323 | -2/Protoforge | Spotted Executioner 8339 | -2/Protoforge | Spotted Striker 8350 | -2/Protoforge | Spotted Executioner 8354 | -2/Protoforge | Spotted Striker 8373 | -2/Protoforge | Destroyed Executioner 8382 | -2/Protoforge | Spotted Executioner 8389 | -2/Protoforge | Lost 5 allies 8402 | -2/Protoforge | Spotted Striker 8403 | -2/Protoforge | Spotted Executioner 8404 | -2/Protoforge | Spotted Striker 8404 | -2/Protoforge | Spotted Executioner 8424 | -2/Protoforge | Spotted Striker 8446 | -2/Protoforge | UFD reported confirmed Drillbomb installation 8453 | -2/Protoforge | Destroyed Striker 8503 | -2/Protoforge | Lost 20 allies 8526 | -2/Protoforge | Spotted Striker 8530 | -2/Protoforge | Spotted Executioner 8549 | -2/Protoforge | Found 0bPrime Scrap Suit 8615 | -2/Protoforge | Spotted Striker 8618 | -2/Protoforge | Spotted Striker 8635 | -2/Protoforge | Destroyed Striker 8642 | -2/Protoforge | Destroyed Striker 8678 | -2/Protoforge | Spotted Striker 8678 | -2/Protoforge | Spotted Striker 8800 | -2/Protoforge | Spotted Executioner 8804 | -2/Protoforge | Destroyed Executioner 8811 | -2/Protoforge | Spotted Executioner 8813 | -2/Protoforge | Lost 5 allies 8873 | -2/Protoforge | Spotted Executioner 8875 | -2/Protoforge | Spotted Executioner 8879 | -2/Protoforge | Spotted Striker 8881 | -2/Protoforge | Spotted Executioner 8885 | -2/Protoforge | Spotted Striker 8915 | -2/Protoforge | Core integrity fell below 50% 8926 | -2/Protoforge | Spotted Executioner 8942 | -2/Protoforge | Destroyed Executioner 8973 | -2/Protoforge | Spotted Striker 8976 | -2/Protoforge | Spotted Striker 8980 | -2/Protoforge | Lost 10 allies 8988 | -2/Protoforge | Spotted Executioner 8990 | -2/Protoforge | Spotted Striker 9011 | -2/Protoforge | Spotted Executioner 9014 | -2/Protoforge | Spotted Executioner 9022 | -2/Protoforge | Spotted Striker 9031 | -2/Protoforge | P-80 Master assimilated allied MB-ZTW(E) 9033 | -2/Protoforge | Spotted Executioner 9084 | -2/Protoforge | UFD reported confirmed Drillbomb installation 9086 | -2/Protoforge | P-80 Master assimilated allied 84-YZX(j) 9139 | -2/Protoforge | Lost 25 allies 9155 | -2/Protoforge | Forge Plexus network access discovered 9166 | -2/Protoforge | Spotted Striker 9168 | -2/Protoforge | Spotted Executioner 9192 | -2/Protoforge | Found Exp. Core Analyzer 9205 | -2/Protoforge | Spotted Striker 9206 | -2/Protoforge | Spotted Executioner 9234 | -2/Protoforge | Spotted Striker 9234 | -2/Protoforge | Spotted Executioner 9307 | -2/Protoforge | Spotted Executioner 9308 | -2/Protoforge | Spotted Striker 9317 | -2/Protoforge | Lost 17 allies 9432 | -2/Protoforge | Spotted Striker 9447 | -2/Protoforge | Spotted Executioner 9482 | -2/Protoforge | Lost 13 allies 9482 | -2/Protoforge | Spotted Executioner 9483 | -2/Protoforge | Spotted Executioner 9495 | -2/Protoforge | Spotted Executioner 9507 | -2/Protoforge | Spotted Executioner 9511 | -2/Protoforge | Spotted Striker 9512 | -2/Protoforge | Spotted Executioner 9518 | -2/Protoforge | P-80 Master assimilated allied 02FDT-D 9519 | -2/Protoforge | P-80 Master assimilated allied 02FEF-D 9520 | -2/Protoforge | P-80 Master assimilated allied 02FDU-D 9533 | -2/Protoforge | Core integrity fell below 20% 9537 | -2/Protoforge | P-80 Master assimilated allied 02FEJ-D 9575 | -2/Protoforge | Lost 3 parts (1u2w) 9576 | -2/Protoforge | Lost 11 allies 9613 | -2/Protoforge | Destroyed Executioner 9643 | -2/Protoforge | Lost 6 allies 9658 | -2/Protoforge | Spotted Executioner 9659 | -2/Protoforge | Spotted Executioner 9748 | -2/Protoforge | Spotted Striker 9749 | -2/Protoforge | Spotted Striker 9750 | -2/Protoforge | Spotted Striker 9750 | -2/Protoforge | Spotted Striker 9754 | -2/Protoforge | Spotted Executioner 9774 | -2/Protoforge | Spotted Striker 9775 | -2/Protoforge | Spotted Striker 9775 | -2/Protoforge | Spotted Striker 9777 | -2/Protoforge | Spotted Striker 9781 | -2/Protoforge | Spotted Executioner 9817 | -2/Protoforge | Destroyed Striker 9821 | -2/Protoforge | Destroyed Executioner 9826 | -2/Protoforge | P-80 Master assimilated allied 02FFY-D 9838 | -2/Protoforge | P-80 Master assimilated allied 02FGA-D 9845 | -2/Protoforge | P-80 Master assimilated allied Lugger 073 9867 | -2/Protoforge | Lost 30 allies 9876 | -2/Protoforge | Spotted Striker 9877 | -2/Protoforge | Spotted Striker 9882 | -2/Protoforge | Destroyed Striker 9953 | -2/Protoforge | Spotted Striker 9957 | -2/Protoforge | Spotted Striker 9965 | -2/Protoforge | Lost 6 allies 9993 | -2/Protoforge | Spotted Striker 10003 | -2/Protoforge | Spotted Striker 10011 | -2/Protoforge | Lost 3 allies 10018 | -2/Protoforge | Spotted Executioner 10025 | -2/Protoforge | Spotted Executioner 10061 | -2/Protoforge | Lost 6 allies 10068 | -2/Protoforge | Build established: Scavenger-Tank 10086 | -2/Protoforge | P-80 Master assimilated allied Lugger 990 10091 | -2/Protoforge | Spotted Executioner 10094 | -2/Protoforge | Spotted Executioner 10094 | -2/Protoforge | Spotted Striker 10160 | -2/Protoforge | Spotted Executioner 10209 | -2/Protoforge | Spotted Executioner 10210 | -2/Protoforge | Spotted Executioner 10227 | -2/Protoforge | Spotted Executioner 10229 | -2/Protoforge | Spotted Executioner 10231 | -2/Protoforge | Lost 12 allies 10236 | -2/Protoforge | Destroyed Executioner 10320 | -2/Protoforge | Spotted Striker 10332 | -2/Protoforge | Spotted Executioner 10378 | -2/Protoforge | Lost 6 allies 10387 | -2/Protoforge | Spotted Executioner 10425 | -2/Protoforge | Spotted Striker 10426 | -2/Protoforge | Spotted Executioner 10436 | -2/Protoforge | Spotted Executioner 10437 | -2/Protoforge | Spotted Striker 10439 | -2/Protoforge | UFD reported confirmed Drillbomb installation 10461 | -2/Protoforge | P-80 Master assimilated allied 02FIP-D 10463 | -2/Protoforge | P-80 Master assimilated allied Lugger 886 10482 | -2/Protoforge | P-80 Master assimilated allied 02FIS-D 10494 | -2/Protoforge | Destroyed Executioner 10506 | -2/Protoforge | Spotted Striker 10508 | -2/Protoforge | Spotted Striker 10521 | -2/Protoforge | Lost 16 allies 10524 | -2/Protoforge | Spotted Striker 10546 | -2/Protoforge | Spotted Executioner 10593 | -2/Protoforge | Lost 8 allies 10615 | -2/Protoforge | Spotted Striker 10620 | -2/Protoforge | Spotted Executioner 10622 | -2/Protoforge | P-80 Master assimilated allied 02FJC-D 10626 | -2/Protoforge | Destroyed Executioner 10631 | -2/Protoforge | P-80 Master assimilated allied JI-8VD(E) 10658 | -2/Protoforge | Spotted Executioner 10661 | -2/Protoforge | Spotted Executioner 10701 | -2/Protoforge | Found 0bPrime Scrap Suit 10712 | -2/Protoforge | Lost 9 allies 10716 | -2/Protoforge | Spotted Striker 10716 | -2/Protoforge | Spotted Executioner 10746 | -2/Protoforge | Spotted Executioner 10757 | -2/Protoforge | Destroyed Executioner 10759 | -2/Protoforge | Spotted Executioner 10769 | -2/Protoforge | Spotted Striker 10770 | -2/Protoforge | Spotted Striker 10789 | -2/Protoforge | Spotted Striker 10790 | -2/Protoforge | Spotted Striker 10794 | -2/Protoforge | Spotted Executioner 10814 | -2/Protoforge | Spotted Executioner 10856 | -2/Protoforge | Spotted Striker 10859 | -2/Protoforge | Spotted Striker 10872 | -2/Protoforge | Lost 8 allies 10878 | -2/Protoforge | Spotted Executioner 10881 | -2/Protoforge | Spotted Striker 10882 | -2/Protoforge | Spotted Striker 10886 | -2/Protoforge | Spotted Executioner 10894 | -2/Protoforge | Released all parts (19) 10925 | -2/Protoforge | Lost 8 parts (2p2n1u2w) 10985 | -2/Protoforge | Lost 16 allies 11208 | -2/Protoforge | Spotted Executioner 11244 | -2/Protoforge | Found UFD Drillbomb 11352 | -2/Protoforge | Found UFD Drillbomb 11357 | -2/Protoforge | Lost 6 allies 11369 | -2/Protoforge | Build established: Scavenger-Mutant 11421 | -2/Protoforge | Installed UFD Drillbomb at designated target 11421 | -2/Protoforge | UFD reported confirmed Drillbomb installation 11429 | -2/Protoforge | Spotted B-90 Cyclops 11429 | -2/Protoforge | Spotted Hotshot 11429 | -2/Protoforge | Spotted Hotshot 11451 | -2/Protoforge | Spotted Striker 11478 | -2/Protoforge | Spotted Executioner 11518 | -2/Protoforge | Discovered new exit (range 19) 11535 | -2/Protoforge | Installed UFD Drillbomb at designated target 11535 | -2/Protoforge | UFD reported confirmed Drillbomb installation 11536 | -2/Protoforge | UFD began Drillbomb countdown 11636 | *** | Defending 0bPrime! Last Messages --------------- being a realist. 11632_ N-04 Retriever collects Phase Gun. 11632_ N-04 Retriever collects Ovr. Beamcaster. 11632_ N-04 Retriever collects Com. Wheel. 11632_ N-04 Retriever inserts Mak. Propulsion Shielding into Forge Plexus. 11633_ 0bP_NET: Things are about to get real, indeed. T-3! 11633_ N-04 Retriever inserts CPS Tube into Forge Plexus. 11634_ 0bP_NET: First dibs on the next iteration of our Scrapsuit! 11634_ N-04 Retriever inserts Ovr. Huge Scrapsphere into Forge Plexus. 11635_ 0bP_NET: Ha, who wants more upgrades to that old thing, the proto-powered Scrap Engine is where it's at. 11635_ N-04 Retriever inserts Mic. Antimatter Reactor into Forge Plexus. [Achievement: By A Hair] Map ----- +----------------------------------------------------+ | """ " %%%=!=%! !!* # """#?? | | " ""=%!=%* ! " "!%! "# "" #?? | | " " " !% %%==[= |== "# ####?? | | " """ =%%=%%=%%%* = ! # ####?? | | " " %%%[!%%%=[%[[%" "# """ #? | | " %% %%%C!%=!%!" # """"#? | | """""""" % %!%=*!!*%!= " + "F""?? | | """"""""""" | %%**%!=!%=% + ""#? | | """"""""""""n %%!!!!*[=[%[! # """#? | | """"""""""""" %%=[%=!!%!!%!%! "# "" #? | | """""""""""""" % %%%%=%*%]!=%=![ #" "#####? | | """"""""""""""" % %%!![=!!!=*!! "#"" ""#????? | | """""""""""""""" %%=%[[%%/%%%= "###"F ""###????? | | """""""""""""""""%%"% %%]%*%=! " "#?#"""""#??????? | | """""""""""""""""%% %% *!%!=*[ " "#?#"""""#??????? | | """"""""""""""""" %%%[]=% !% " "#??######??????? | | """"""""""""""""""%% %/!%!s=/ " "#??????????????? | | """"""""""""""""""% =!%%%%=! !s" "#??????????????? | | """"""""""""""""""%%%=*=%!%%=!| #??????????????? | | """"""""""""""""""%%!%%]*%SS!* " #??????????????? | | """"""""""""""""""%%%%!=% SS!!! #??????????????? | | """"""""""""""""""n%===%% %!%[! ####???????????? | | """""""""""""""""" %%%%%== !%! ###???????????? | | """"""""""""""""""%%%%!!] =%% ###???????????? | | """"""""""""""""""%%%=!!%* /=% ####???????????? | | """"""""""""""""" %%%%*%@ ! ####???????????? | | """""""""""""""""%% !% !%= s ####???????????? | | """""""""""""""""% =%% % =![ % ####???????????? | | """"""""""""""""%%%% % %= ####???????????? | | """"""""""""""" %%ss!! % " ####???????????? | | """""""""""""" %% s % % %![ "" ####???????????? | | """"""""""""" % %%! "" ####???????????? | | """""""""""" % s%% %% != ####???????????? | | """"""""""" "" % % 3" ####???????????? | | """""""" "" % % ######?????????? | | "" "" % ""%! "s" ######?????????? | | % s "!= "s " ######?????????? | | " "sSS " " E"%" ######?????????? | | " """" """SS " " %"" E" <"####?????????? | | " "" """"""""" %" s E <<####?????????? | | " "" " % % <<####?????????? | | """ " """ " E"""! <<####?????????? | | %" " " "" " "" =<<####?????????? | | " "" " " "" "" % "" <<####?????????? | | "" """ %% " " % %######?????????? | | " % """" % %" " ######?????????? | | % " ######?????????? | | """"""" " """ % ######?????????? | | "" """ % ####???????????? | | """""""""" " " % """""""####???????????? | +----------------------------------------------------+ Best States ------------- Heat Dissipation 159 Energy Generation 100 Energy Capacity 1590 Matter Stores 300 Matter Capacity 300 Sight Range 23 Robot Scan Range 18 Terrain Scan Density 10 Power Amplification 40 Additional Mass Support 9 Armor Coverage 600 Phase Shifting 15 Evasion (%) 84 Melee Accuracy 5 Core Analysis 12 Recoil Reduction 2 Kinecelleration 66 Salvage Targeting 15 Offensive Hacking 20 Defensive Hacking 20 Item Schematics ----------------- None Robot Schematics ------------------ None Fabricated ------------ Nothing Repaired ---------- Adv. Reaction Control System | 30% | -4/Factory Alien Tech Used ----------------- Dimensional Node Initializer Integrated Dissipator Sigix Broadsword Phase Redirector Core Reset Matrix Subatomic Replicator Achievements -------------- By A Hair Challenges ------------ None Game ------ Seed InertialSmartbombLog Manual? 0 Play Time 05:52:30 Cumulative 288.3 hours Start 2025.06.21 @ 15:17:09 End 2025.06.21 @ 22:05:35 Sessions 1 Manual Loads 0 Difficulty Rogue Special Mode None Game No. 145 Rogue 145 Adventurer 0 Explorer 0 Win Type 9 Total 6 Types 4/0/1/0/0/0/0/0/0/1 Lore% 79 Gallery% 78 Achievement% 66 Wizard Run 0 Options --------- Layout 1 ASCII 0 Keyboard 0 Movement Mouse Keybinds 0 Fullscreen 1 Font 24/Smallcaps Map View 50x35 Zoom Use 0% Tactical HUD 1 Map Filters NONE Filters NONE Steam 1 RUN: cb035750-732f-474b-b632-c0113f1c4039